 Dungeon Crawl Stone Soup version 0.19-a0-1899-g2d93087 (webtiles) character file.

2736 Amnesiac the Martial Artist (level 9, -1/45 HPs)
             Began as a Vine Stalker Monk on Oct 19, 2016.
             Was an Elder of Okawaru.
             Slain by a killer bee (3 damage)
             ... on level 9 of the Dungeon.
             The game lasted 00:08:03 (4456 turns).

Amnesiac the Martial Artist (Vine Stalker Monk)     Turns: 4456, Time: 00:08:04

Health: -1/45      AC: 12    Str: 16    XL:     9   Next: 67%
Magic:  0/13       EV: 10    Int: 10    God:    Okawaru [****..]
Gold:   412        SH:  0    Dex: 18    Spells: 0 memorised, 12 levels left

rFire  . . .     SeeInvis +       - Unarmed
rCold  . . .     Gourm    .     p - +0 chain mail
rNeg   . . .     Faith    .     (no shield)
rPois  .         Spirit   +     (no helmet)
rElec  .         Reflect  .     v - +1 cloak
rCorr  .         Harm     .     (no gloves)
MR     +....                    (no boots)
Stlth  ..........               (no amulet)
                                (no ring)
                                g - ring of see invisible

@: no status effects
A: fangs 3, regeneration 1, magic shield, antimagic bite, no device heal 3, rot
immunity
a: Heroism, Renounce Religion


You were on level 9 of the Dungeon.
You worshipped Okawaru.
Okawaru was greatly pleased with you.
You were not hungry.

You visited 3 branches of the dungeon, and saw 11 of its levels.

You collected 412 gold pieces.

Inventory:

Armour
 p - a +0 chain mail (worn)
 v - a +1 cloak (worn)
Jewellery
 g - a ring of see invisible (left hand)
 t - an uncursed ring of fire {unknown}
Scrolls
 c - 3 scrolls of remove curse
 d - a scroll of enchant weapon
 e - 5 scrolls of identify
 f - 2 scrolls of fear {unknown}
 i - a scroll of magic mapping
 l - 2 scrolls of teleportation
 m - a scroll of amnesia
Potions
 a - a potion of heal wounds
 j - a potion of mutation {unknown}
 k - a potion of flight {unknown}
 o - 2 potions of curing
 r - 2 potions of degeneration {unknown}
 u - 2 potions of resistance {unknown}
 w - a potion of magic {unknown}
Comestibles
 b - 7 bread rations
 h - a slice of pizza
 q - 3 beef jerkies
 x - 4 fruits
 z - 4 chunks of flesh


   Skills:
 - Level 4.0 Fighting
 - Level 5.1 Armour
 - Level 5.4 Dodging
 - Level 2.4 Stealth
 + Level 9.3 Unarmed Combat
 - Level 2.0 Spellcasting


You had 12 spell levels left.
You didn't know any spells.

Dungeon Overview and Level Annotations

Branches:
Dungeon (9/15)             Temple (1/1) D:4            Lair (1/6) D:8
    Orc: D:9-12

Altars:
Ashenzari
Cheibriados
Dithmenos
Elyvilon
Fedhas
Gozag
Hepliaklqana
Kikubaaqudgha
Makhleb
Nemelex Xobeh
Okawaru
Qazlal
Ru
Sif Muna
Uskayaw
Vehumet
Xom
Yredelemnul
The Shining One


Innate Abilities, Weirdness & Mutations

You have razor-sharp teeth.
Your natural rate of healing is unusually fast.
When hurt, damage is shared between your health and your magic reserves.
Your bite disrupts and absorbs the magic of your enemies.
Potions and wands cannot restore your health.
You are immune to rotting.


Message History

The killer bee poisons you!
You punch the killer bee! Your bite misses the killer bee.
The killer bee is heavily wounded.
* * * LOW HITPOINT WARNING * * *
You feel sick. The killer bee closely misses you. The killer bee stings you.
* * * LOW HITPOINT WARNING * * *
The killer bee stings you but does no damage.
You hit the killer bee.
The killer bee is almost dead.
* * * LOW HITPOINT WARNING * * *
You feel sick. The killer bee barely misses you.
The killer bee stings you but does no damage.
The killer bee stings you.
You are more poisoned.
The killer bee poisons you!
It was a potion of curing.
Your system rejects the healing.
You feel better. The killer bee closely misses you.
The killer bee stings you but does no damage.
The killer bee barely misses you. The killer bee stings you.
You die...

####....+....#...
#.......#....#...
#.......#....#...
#.......#....#..<
#####+#.......#....#...
#.............#....##)#
#.............#........
#....y†###'####........
#.....@y.....#####'##..
#......#.....##....##..
#....[.#...........##..
#......#...........##..
#......#...........#...
#......#.....##[)..##..
#......#.....##....##..
#..%...#......#........
#......#....##.


You could see 2 killer bees.

Vanquished Creatures
  The ghost of Amnesiac the Ruffian, an amateur VSMo (D:4)
  Menkaure (D:6)
  A black bear (D:6)
  A sky beast (D:8)
  An orc warrior (D:6)
  3 ogres
  3 centaurs
  A crocodile (D:8)
  3 bullfrogs
  A wyvern skeleton (D:6)
  3 scorpions
  5 wights (D:8)
  3 killer bees (D:9)
  A howler monkey (D:8)
  A crimson imp (D:6)
  2 bullfrog zombies
  3 orc priests
  2 bullfrog skeletons (D:6)
  A centaur skeleton (D:6)
  An iguana (D:7)
  7 orc wizards
  5 worker ants
  3 hound skeletons
  2 howler monkey skeletons
  4 gnolls (D:5)
  8 adders
  A shadow imp (D:5)
  An ooze (D:2)
  2 worms (D:4)
  2 leopard geckos (D:4)
  19 orcs
  A ball python (D:4)
  2 giant cockroaches
  A hobgoblin (D:1)
  3 jackals (D:1)
  2 quokkas
  A bat (D:1)
  2 frilled lizards (D:4)
  2 kobolds (D:1)
  A leopard gecko skeleton (D:4)
107 creatures vanquished.

Notes
Turn   | Place    | Note
-------+----------+-------------------------------------------
     0 | D:1      | Amnesiac the Vine Stalker Monk began the quest for the Orb.
     0 | D:1      | Reached XP level 1. HP: 11/11 MP: 2/2
   180 | D:1      | Reached XP level 2. HP: 15/16 MP: 3/3
   310 | D:3      | Found a faded altar of an unknown god.
   320 | D:4      | Reached skill level 1 in Spellcasting
   321 | D:4      | Noticed Amnesiac's ghost (amateur VSMo)
   362 | D:5      | Entered Level 5 of the Dungeon
   385 | D:5      | Reached XP level 3. HP: 3/19 MP: 2/5
   662 | D:5      | Noticed a scorpion
   689 | D:5      | Reached skill level 4 in Unarmed Combat
   689 | D:5      | Gained mutation: Your natural rate of healing is unusually fast. [Vine Stalker growth]
   689 | D:5      | Reached XP level 4. HP: 14/23 MP: 6/6
   710 | D:5      | Reached skill level 5 in Unarmed Combat
   730 | D:5      | Reached XP level 5. HP: 27/27 MP: 7/7
   795 | D:6      | Noticed a centaur
   810 | D:6      | Killed a centaur
   810 | D:6      | Reached skill level 6 in Unarmed Combat
   836 | D:6      | Noticed an orc warrior
   855 | D:6      | Killed an orc warrior
   855 | D:6      | Reached XP level 6. HP: 6/32 MP: 2/8
   858 | D:6      | Reached skill level 7 in Unarmed Combat
   920 | D:6      | Noticed a black bear
   939 | D:6      | Killed a black bear
   945 | D:6      | Reached XP level 7. HP: 10/35 MP: 9/9
  1058 | D:4      | Found a staircase to the Ecumenical Temple.
  1074 | D:4      | Found a sacrificial altar of Ru.
  1096 | Temple   | Entered the Ecumenical Temple
  1160 | Temple   | Became a worshipper of Warmaster Okawaru
  1160 | Temple   | Reached * piety under Okawaru
  1160 | Temple   | Reached ** piety under Okawaru
  1331 | D:4      | Reached skill level 8 in Unarmed Combat
  1756 | D:4      | Reached skill level 1 in Armour
  1976 | D:4      | Killed Amnesiac's ghost
  1976 | D:4      | Gained mutation: You have razor-sharp teeth. [Vine Stalker growth]
  1976 | D:4      | Reached XP level 8. HP: 25/40 MP: 5/10
  2216 | D:4      | You fall through a shaft!
  2342 | D:5      | Reached *** piety under Okawaru
  2734 | D:6      | Found a snail-covered altar of Cheibriados.
  2734 | D:6      | Found an ancient bone altar of Kikubaaqudgha.
  2957 | D:6      | Reached skill level 5 in Armour
  3022 | D:6      | Noticed Menkaure
  3035 | D:6      | Killed Menkaure
  3502 | D:7      | Reached XP level 9. HP: 42/44 MP: 11/11
  3660 | D:7      | Reached skill level 5 in Dodging
  3758 | D:8      | Noticed a hill giant
  3869 | D:8      | Found a basalt altar of Yredelemnul.
  3911 | D:8      | Reached **** piety under Okawaru
  4183 | D:8      | Found a white marble altar of Elyvilon.
  4224 | D:8      | Found a staircase to the Lair.
  4277 | D:8      | Found a shattered altar of Ashenzari.
  4324 | Lair:1   | Entered Level 1 of the Lair of Beasts
  4324 | Lair:1   | Noticed a spiny frog
  4376 | D:9      | Reached skill level 9 in Unarmed Combat
  4455 | D:9      | HP: 1/45 [poisoned by a killer bee]
  4456 | D:9      | Slain by a killer bee

Vault maps used:
D:1:      dpeg_arrival_simpleton_c
D:2:      zin_scriptorium, uniq_jessica
D:3:      ecumenical_altar_2, uniq_grinder
D:4:      minmay_opposing_rooms, old_standard_altar, first_bread
D:6:      chequers_temple_overflow_statue_of_worship, uniq_menkaure
D:8:      lemuel_coloured_pillars_altar, kennysheep_little_box,
          overflow_temple_1_default, lair_0_dummy
D:9:      chequers_temple_overflow_minitemple, serial_shops, shop
Temple:   nicolae_temple_god_jail

Skill      XL: |  1  2  3  4  5  6  7  8  9 |
---------------+----------------------------+-----
Spellcasting   | 1 2 |  2.0
Unarmed Combat | 4 5 6 7 8 9 |  9.3
Fighting       | 3 4 |  4.0
Armour         | 3 5 |  5.1
Dodging        | 4 5 |  5.4
Stealth        | |  2.4

Action                   |  1- 3 |  4- 6 |  7- 9 || total
-------------------------+-------+-------+-------++-------
Melee: Unarmed           |    49 |    71 |   379 ||   499
       Bite              |    16 |    28 |   112 ||   156
       Punch             |       |     3 |     9 ||    12
  Use: Scroll            |     3 |       |     8 ||    11
       Potion            |       |       |     2 ||     2
 Stab: Distracted        |       |     1 |       ||     1
  Eat: Chunk             |       |       |    12 ||    12
Armor: Robe              |     6 |       |       ||     6
       Ring mail         |     8 |    18 |    18 ||    44
       Chain mail        |       |       |   135 ||   135
Dodge: Dodged            |    38 |    33 |   157 ||   228
